 Dungeon Crawl Stone Soup version 0.23-a0-650-ga4d50d4 (webtiles) character file.

45 Blackhawk the Poker (level 3, -2/30 HPs)
             Began as a Merfolk Monk on Jan 6, 2019.
             Slain by Terence
             ... wielding a +0 flail
              (6 damage)
             ... on level 2 of the Dungeon.
             The game lasted 00:01:56 (842 turns).

Blackhawk the Poker (Merfolk Monk)                   Turns: 842, Time: 00:01:57

Health: -2/30      AC:  9    Str: 12    XL:     3   Next: 64%
Magic:  3/3        EV:  7    Int:  9    God:
Gold:   68         SH:  0    Dex: 16    Spells: 2/2 levels left

rFire    . . .     SeeInvis .   a - +0 spear
rCold    . . .     Gourm    .   (no shield)
rNeg     . . .     Faith    .   d - +0 chain mail
rPois    .         Spirit   .   (no helmet)
rElec    .         Reflect  .   e - +0 cloak
rCorr    .         Harm     .   (no gloves)
MR       .....                  (no boots)
Stlth    ..........             (no amulet)
HPRegen  0.10/turn              (no ring)
MPRegen  0.08/turn              (no ring)

@: no status effects
A: change form in water, swift swim, stealthy swim
a: no special abilities


You were on level 2 of the Dungeon.
You were not hungry.

You visited 1 branch of the dungeon, and saw 2 of its levels.

You collected 68 gold pieces.

Inventory:

Hand Weapons
 a - a +0 spear (weapon)
Armour
 b - a +0 robe
 d - a +0 chain mail (worn)
 e - a +0 cloak (worn)
Scrolls
 f - a scroll of amnesia {unknown}
 g - a scroll of fear {unknown}
 i - a scroll of enchant armour {unknown}
 k - a scroll of identify {unknown}
 l - a scroll of magic mapping {unknown}
Potions
 h - a potion of might {unknown}
Comestibles
 c - 4 rations
 j - 2 chunks of flesh


   Skills:
 + Level 3.7 Fighting
 + Level 5.0 Polearms
 + Level 4.6 Dodging
 + Level 3.0 Stealth


You had 2 spell levels left.
You didn't know any spells.
Your spell library was empty.

Dungeon Overview and Level Annotations

Branches:
Dungeon (2/15)

Altars:

Annotations:
D:2 Terence


Message History

Terence is severely wounded.
Terence hits you but does no damage.
You closely miss Terence.
Terence is severely wounded.
You hit Terence but do no damage.
Terence is severely wounded.
Terence hits you but does no damage.
Your chain mail prevents you from hitting Terence.
Terence is severely wounded.
Terence barely misses you.
You hit Terence but do no damage.
Terence is severely wounded.
You hit Terence but do no damage.
Terence is severely wounded.
Terence hits you with a +0 flail.
* * * LOW HITPOINT WARNING * * *
You hit Terence but do no damage.
Terence is severely wounded.
Terence hits you with a +0 flail.
You die...

## ##.##...# #..
# #..##..## #.#
.# ##.####.##
#.###. #..####..#
#.#.. #.##.....#
####.#.#
##.#..###..
#......####....##
##.
#...........####
## #!..@#......#
#)..@#......#
#....######## #
#....# # #....# #
###### # # # #


You could see Terence.

Vanquished Creatures
  Natasha (D:2)
  An ooze (D:1)
  A dart slug (D:1)
  A ball python (D:1)
  2 giant cockroaches (D:1)
  5 kobolds
  4 bats (D:1)
  2 frilled lizards (D:1)
17 creatures vanquished.

Notes
Turn   | Place    | Note
-------+----------+-------------------------------------------
     0 | D:1      | Blackhawk the Merfolk Monk began the quest for the Orb.
     0 | D:1      | Reached XP level 1. HP: 18/18 MP: 1/1
   233 | D:1      | Reached XP level 2. HP: 24/24 MP: 2/2
   719 | D:2      | Noticed Natasha
   726 | D:2      | Noticed a crimson imp
   736 | D:2      | Killed Natasha
   736 | D:2      | Reached skill level 5 in Polearms
   736 | D:2      | Reached XP level 3. HP: 30/30 MP: 3/3
   818 | D:2      | Noticed Terence
   842 | D:2      | Slain by Terence

Vault maps used:
D:1:      dpeg_arrival_windows_large_door
D:2:      chequers_big_river, uniq_terence, uniq_natasha, uniq_robin

Skill      XL: |  1  2 |
---------------+-------+-----
Polearms       | 5 |  5.0
Stealth        | 3 |  3.0
Fighting       | |  3.7
Dodging        | |  4.6

Action                   || total
-------------------------++-------
Melee: Spear             ||    89
       Tailslap          ||     1
Armor: Chain mail        ||    26
       Robe              ||     1
Dodge: Dodged            ||    17

Table legend:
 A = Non-vault XP
 B = Vault XP
 C = Vault XP percentage of total XP
 D = Non-vault monster count
 E = Vault monster count
 F = Vault count percentage of total count
                 A         B        C        D         E       F
            +---------+---------+-------+---------+---------+-------
      Total |      30 |      35 |  53.8 |      16 |       1 |   5.9
            +---------+---------+-------+---------+---------+-------
        D:1 |      29 |       0 |   0.0 |      15 |       0 |   0.0
        D:2 |       1 |      35 |  97.2 |       1 |       1 |  50.0
            +---------+---------+-------+---------+---------+-------
